TOP OF THE 1ST |
Palm Beach Nationals batting - Pitching for Americus Braves : RHP Cesar Pulido
|
Pitching: RHP Cesar Pulido
|
|
Batting: LHB Chris Williams
|
0-0: Foul Ball, location: 2F 0-1: Ball 1-1: Ball 2-1: Called Strike 2-2: Strikes out swinging
|
Batting: RHB Taffounnout Kame
|
0-0: Fly out, F8 (Flyball, 8RD, EV 105.0 MPH)
|
Batting: RHB Justin Davenport
|
0-0: Ball 1-0: Ball 2-0: Called Strike 2-1: SOLO HOME RUN (Flyball, 7LD, EV 100.6 MPH), Distance : 383 ft
|
Batting: RHB Tylor Cyr
|
0-0: Foul Ball, location: 2F 0-1: Ball 1-1: Foul Ball, location: 2F 1-2: Ball 2-2: Foul Ball, location: 2F 2-2: Fly out, F9 (Flyball, 89D, EV 82.5 MPH)
|
Top of the 1st over - 1 run, 1 hit, 0 errors, 0 left on base; Palm Beach 1 - Americus 0 |
BOTTOM OF THE 1ST |
Americus Braves batting - Pitching for Palm Beach Nationals : RHP Nate Vandergriff
|
Pitching: RHP Nate Vandergriff
|
|
Batting: RHB Josh Hopp
|
0-0: Called Strike 0-1: Called Strike 0-2: Ball 1-2: Strikes out swinging
|
Batting: RHB Gebre-Giorgios Wangondu
|
0-0: Ball 1-0: Ball 2-0: Ball 3-0: Base on Balls
|
Batting: LHB Tamaichi Sasada
|
0-0: Ball Gebre-Giorgios Wangondu steals 2nd base 1-0: Ball Gebre-Giorgios Wangondu steals 3rd base 2-0: 2-RUN HOME RUN (Flyball, 89XD, EV 103.8 MPH), Distance : 416 ft
|
Batting: LHB Andres Aldape
|
0-0: Ball 1-0: SOLO HOME RUN (Flyball, 9LD, EV 97.5 MPH), Distance : 356 ft
|
Batting: LHB Sam Williams
|
0-0: Swinging Strike 0-1: Ball 1-1: Ball 2-1: Foul Ball, location: 2F 2-2: Foul Ball, location: 2F 2-2: Ball 3-2: Foul Ball, location: 2F 3-2: Foul Ball, location: 2F 3-2: SINGLE (Line Drive, 4D, EV 103.1 MPH)
|
Batting: RHB Richard Saquic
|
0-0: Ball 1-0: Swinging Strike Passed Ball! Sam Williams to second 1-1: Ball 2-1: Ball 3-1: Base on Balls
|
Batting: RHB Dave Pizarro
|
0-0: DOUBLE (Flyball, 78D, EV 114.4 MPH) Sam Williams scores Richard Saquic to third Runner from 3rd tries for Home, SAFE, throw by LF to trailing runner, SAFE at third!
|
Batting: RHB Tetsuro Sato
|
0-0: Ball 1-0: Ground out 4-3 (Groundball, 4, EV 101.9 MPH) Dave Pizarro scores
|
Batting: RHB Rodolfo Cosme
|
0-0: Called Strike 0-1: Ball 1-1: Ball 2-1: Ball 3-1: Base on Balls
|
Batting: RHB Josh Hopp
|
0-0: Called Strike 0-1: Ball 1-1: SINGLE (Groundball, 6, EV 101.9 MPH) Rodolfo Cosme to second
|
Batting: RHB Gebre-Giorgios Wangondu
|
0-0: Ball 1-0: Ball 2-0: Called Strike 2-1: Fielders Choice at 2nd, 5-4 (Groundball, 5, EV 83.1 MPH)
|
Bottom of the 1st over - 6 runs, 5 hits, 0 errors, 2 left on base; Palm Beach 1 - Americus 6 |
TOP OF THE 2ND |
Palm Beach Nationals batting - Pitching for Americus Braves : RHP Cesar Pulido
|
Batting: RHB Vasag Semerjian
|
0-0: Called Strike 0-1: Ball 1-1: Foul Ball, location: 2F 1-2: Ball 2-2: Ball 3-2: Strikes out swinging
|
Batting: RHB Kiyonaga Nakamura
|
0-0: Ball 1-0: Swinging Strike 1-1: Called Strike 1-2: Ball 2-2: Ball 3-2: Base on Balls
|
Batting: RHB Jessie Fisher
|
0-0: Fielders Choice at 2nd, 6-4 (Groundball, 6, EV 90.0 MPH)
|
Batting: LHB Mike Hamilton
|
0-0: Swinging Strike 0-1: Ball 1-1: SINGLE (Flyball, 6D, EV 92.5 MPH) Jessie Fisher to second
|
Batting: RHB Scott Merritt
|
0-0: Called Strike 0-1: Called Strike 0-2: Foul Ball, location: 2F 0-2: Strikes out looking
|
Top of the 2nd over - 0 runs, 1 hit, 0 errors, 2 left on base; Palm Beach 1 - Americus 6 |
BOTTOM OF THE 2ND |
Americus Braves batting - Pitching for Palm Beach Nationals : RHP Nate Vandergriff
|
Batting: LHB Tamaichi Sasada
|
0-0: Ball 1-0: SINGLE (Line Drive, 6MD, EV 94.4 MPH)
|
Batting: LHB Andres Aldape
|
0-0: SINGLE (Line Drive, 78M, EV 108.1 MPH) Tamaichi Sasada to second
|
Batting: LHB Sam Williams
|
0-0: Called Strike 0-1: Ball 1-1: Ball 2-1: Foul Ball, location: 2F 2-2: Ball 3-2: Foul Ball, location: 2F 3-2: Base on Balls Tamaichi Sasada to third Andres Aldape to second
|
Batting: RHB Richard Saquic
|
0-0: Ball 1-0: Ball 2-0: Ball 3-0: Base on Balls Tamaichi Sasada scores Andres Aldape to third Sam Williams to second
|
Batting: RHB Dave Pizarro
|
0-0: Swinging Strike 0-1: Ball 1-1: Foul Ball, location: 2F 1-2: Strikes out swinging
|
Batting: RHB Tetsuro Sato
|
0-0: Called Strike 0-1: Ball 1-1: Fielders Choice at 2nd, 3-6 (Groundball, 34, EV 82.5 MPH) Andres Aldape scores Sam Williams to third
|
Pitching: RHP Ken Yeadon
|
|
Batting: RHB Rodolfo Cosme
|
0-0: 3-RUN HOME RUN (Line Drive, 78XD, EV 110.6 MPH), Distance : 430 ft
|
Batting: RHB Josh Hopp
|
0-0: Ball 1-0: SOLO HOME RUN (Flyball, 7D, EV 102.5 MPH), Distance : 390 ft
|
Batting: RHB Gebre-Giorgios Wangondu
|
0-0: Ball 1-0: Ball 2-0: DOUBLE (Line Drive, 78D, EV 100.0 MPH)
|
Batting: LHB Tamaichi Sasada
|
0-0: Ball 1-0: Called Strike 1-1: Foul Ball, location: 2F 1-2: Ball 2-2: Foul Ball, location: 2F 2-2: Foul Ball, location: 2F 2-2: Ball 3-2: Base on Balls
|
Batting: LHB Andres Aldape
|
0-0: Ball 1-0: Swinging Strike 1-1: Foul Ball, location: 2F 1-2: Ball 2-2: SINGLE (Flyball, 9LS, EV 90.0 MPH) Gebre-Giorgios Wangondu to third Tamaichi Sasada to second Runner from 3rd tries for Home, SAFE, throw by RF to home
|
Pitching: RHP Jimmy Purscell
|
|
Batting: LHB Sam Williams
|
0-0: Foul Ball, location: 2F 0-1: SINGLE (Groundball, 34D, EV 96.9 MPH) Tamaichi Sasada to third Andres Aldape to second Runner from 3rd tries for Home, SAFE, throw by RF to home
|
Batting: RHB Richard Saquic
|
0-0: Called Strike 0-1: Called Strike 0-2: Strikes out looking
|
Bottom of the 2nd over - 8 runs, 7 hits, 0 errors, 2 left on base; Palm Beach 1 - Americus 14 |
TOP OF THE 3RD |
Palm Beach Nationals batting - Pitching for Americus Braves : RHP Cesar Pulido
|
Batting: LHB Chris Williams
|
0-0: SINGLE (Line Drive, 9S, EV 92.5 MPH)
|
Batting: RHB Taffounnout Kame
|
0-0: Called Strike 0-1: Ball 1-1: Foul Ball, location: 2F 1-2: Foul Ball, location: 2F 1-2: SINGLE (Line Drive, 9S, EV 102.5 MPH) Chris Williams to second
|
Batting: RHB Justin Davenport
|
0-0: Ball 1-0: Ball 2-0: Called Strike 2-1: Called Strike 2-2: Fly out, F7 (Flyball, 7, EV 91.9 MPH)
|
Batting: RHB Tylor Cyr
|
0-0: Foul Ball, location: 2F 0-1: Foul Ball, location: 2F 0-2: Ball 1-2: Ball 2-2: Fly out, F4 (Line Drive, 4, EV 65.6 MPH)
|
Batting: RHB Vasag Semerjian
|
0-0: Called Strike 0-1: Ball 1-1: Foul Ball, location: 2F 1-2: Foul Ball, location: 2F 1-2: Ball 2-2: Strikes out swinging
|
Top of the 3rd over - 0 runs, 2 hits, 0 errors, 2 left on base; Palm Beach 1 - Americus 14 |
BOTTOM OF THE 3RD |
Americus Braves batting - Pitching for Palm Beach Nationals : RHP Jimmy Purscell
|
Batting: RHB Dave Pizarro
|
0-0: Ball 1-0: Ball 2-0: Foul Ball, location: 2F 2-1: Ball 3-1: Base on Balls
|
Batting: RHB Tetsuro Sato
|
0-0: Ball 1-0: Called Strike 1-1: Ball 2-1: Ball 3-1: Swinging Strike 3-2: Strikes out swinging Dave Pizarro steals 2nd base Batter strikes out.
|
Batting: RHB Rodolfo Cosme
|
0-0: Ball 1-0: Called Strike 1-1: Ball 2-1: Called Strike 2-2: Ground out 5-3 (Groundball, 56S, EV 71.9 MPH) Dave Pizarro to third
|
Pitching: LHP Johnny Busse
|
|
Batting: RHB Josh Hopp
|
0-0: Called Strike 0-1: Called Strike 0-2: Ball 1-2: SINGLE (Groundball, 4MD, EV 96.2 MPH) Dave Pizarro scores
|
Batting: RHB Gebre-Giorgios Wangondu
|
0-0: Swinging Strike 0-1: Ball 1-1: Ball 2-1: Ground out U3 (Groundball, 13, EV 88.8 MPH)
|
Bottom of the 3rd over - 1 run, 1 hit, 0 errors, 1 left on base; Palm Beach 1 - Americus 15 |
TOP OF THE 4TH |
Palm Beach Nationals batting - Pitching for Americus Braves : RHP Cesar Pulido
|
Batting: RHB Kiyonaga Nakamura
|
0-0: Foul Ball, location: 2F 0-1: Called Strike 0-2: Ball 1-2: Foul Ball, location: 2F 1-2: Foul Ball, location: 2F 1-2: Ball 2-2: Strikes out swinging
|
Batting: RHB Jessie Fisher
|
0-0: Ball 1-0: Foul Ball, location: 2F 1-1: Ball 2-1: Ball 3-1: Foul Ball, location: 2F 3-2: Ground out 3-1 (Groundball, 34, EV 89.4 MPH)
|
Batting: LHB Mike Hamilton
|
0-0: Swinging Strike 0-1: Ball 1-1: Ball 2-1: Fly out, F9 (Flyball, 9S, EV 89.4 MPH)
|
Top of the 4th over - 0 runs, 0 hits, 0 errors, 0 left on base; Palm Beach 1 - Americus 15 |
BOTTOM OF THE 4TH |
Americus Braves batting - Pitching for Palm Beach Nationals : LHP Johnny Busse
|
Batting: LHB Tamaichi Sasada
|
0-0: Ball 1-0: Foul Ball, location: 2F 1-1: Ground out U3 (Groundball, 34S, EV 80.6 MPH)
|
Batting: LHB Andres Aldape
|
0-0: Ball 1-0: Ball 2-0: Called Strike 2-1: Fly out, F5 (Popup, 5, EV 57.5 MPH)
|
Batting: LHB Sam Williams
|
0-0: Ball 1-0: Ball 2-0: Called Strike 2-1: Ball 3-1: Swinging Strike 3-2: Fly out, F8 (Line Drive, 8LM, EV 97.5 MPH)
|
Bottom of the 4th over - 0 runs, 0 hits, 0 errors, 0 left on base; Palm Beach 1 - Americus 15 |
TOP OF THE 5TH |
Palm Beach Nationals batting - Pitching for Americus Braves : RHP Cesar Pulido
|
Batting: RHB Scott Merritt
|
0-0: Ball 1-0: Ground out 4-3 (Groundball, 4, EV 88.8 MPH)
|
Batting: LHB Chris Williams
|
0-0: Ball 1-0: Foul Ball, location: 2F 1-1: Ball 2-1: Called Strike 2-2: Ball 3-2: Strikes out swinging
|
Batting: RHB Taffounnout Kame
|
0-0: Ball 1-0: Ball 2-0: Ground out 5-3 (Groundball, 56, EV 85.6 MPH)
|
Top of the 5th over - 0 runs, 0 hits, 0 errors, 0 left on base; Palm Beach 1 - Americus 15 |
BOTTOM OF THE 5TH |
Americus Braves batting - Pitching for Palm Beach Nationals : LHP Johnny Busse
|
Batting: RHB Richard Saquic
|
0-0: SINGLE (Flyball, 4D, EV 81.2 MPH)
|
Batting: RHB Dave Pizarro
|
0-0: Called Strike 0-1: Ball 1-1: Fly out, F8 (Flyball, 78M, EV 93.8 MPH)
|
Batting: RHB Tetsuro Sato
|
0-0: Called Strike 0-1: Ball 1-1: Ball 2-1: Ball 3-1: Base on Balls Richard Saquic to second
|
Batting: RHB Rodolfo Cosme
|
0-0: Foul Ball, location: 2F 0-1: Fly out, F6 (Line Drive, 6, EV 68.1 MPH)
|
Batting: RHB Josh Hopp
|
0-0: Called Strike 0-1: Ground out 4-3 (Groundball, 4, EV 105.0 MPH)
|
Bottom of the 5th over - 0 runs, 1 hit, 0 errors, 2 left on base; Palm Beach 1 - Americus 15 |
TOP OF THE 6TH |
Palm Beach Nationals batting - Pitching for Americus Braves : RHP Cesar Pulido
|
Batting: RHB Justin Davenport
|
0-0: Ball 1-0: Swinging Strike 1-1: SINGLE (Groundball, 56D, EV 103.1 MPH)
|
Batting: RHB Tylor Cyr
|
0-0: Ball 1-0: Fly out, F9 (Flyball, 9, EV 87.5 MPH)
|
Batting: RHB Vasag Semerjian
|
0-0: Called Strike 0-1: Foul Ball, location: 2F 0-2: Strikes out swinging
|
Batting: RHB Kiyonaga Nakamura
|
0-0: Swinging Strike 0-1: Foul Ball, location: 2F 0-2: Strikes out swinging
|
Top of the 6th over - 0 runs, 1 hit, 0 errors, 1 left on base; Palm Beach 1 - Americus 15 |
BOTTOM OF THE 6TH |
Americus Braves batting - Pitching for Palm Beach Nationals : LHP Johnny Busse
|
Batting: RHB Gebre-Giorgios Wangondu
|
0-0: TRIPLE (Flyball, 8LXD, EV 106.9 MPH)
|
Batting: LHB Tamaichi Sasada
|
0-0: Called Strike 0-1: Ball 1-1: Ball 2-1: Foul Ball, location: 2F 2-2: Strikes out swinging
|
Batting: LHB Andres Aldape
|
0-0: Fly out, F3 (Flyball, 34D, EV 88.1 MPH)
|
Batting: LHB Sam Williams
|
0-0: Swinging Strike 0-1: Ball 1-1: Foul Ball, location: 2F 1-2: Ball 2-2: Ball 3-2: DOUBLE (Groundball, 3L, EV 110.6 MPH) Gebre-Giorgios Wangondu scores
|
Batting: RHB Richard Saquic
|
0-0: Called Strike 0-1: Fly out, F7 (Flyball, 7S, EV 80.0 MPH)
|
Bottom of the 6th over - 1 run, 2 hits, 0 errors, 1 left on base; Palm Beach 1 - Americus 16 |
TOP OF THE 7TH |
Palm Beach Nationals batting - Pitching for Americus Braves : RHP Cesar Pulido
|
Batting: RHB Jessie Fisher
|
0-0: Ball 1-0: Ball 2-0: Called Strike 2-1: Swinging Strike 2-2: Ball 3-2: Strikes out swinging
|
Batting: LHB Mike Hamilton
|
0-0: Ball 1-0: Foul Ball, location: 2F 1-1: Swinging Strike 1-2: Strikes out swinging
|
Batting: RHB Scott Merritt
|
0-0: Ball 1-0: Called Strike 1-1: Called Strike 1-2: Ball 2-2: Ball 3-2: Base on Balls
|
Pitching: RHP Andrew Hodges
|
|
Batting: LHB Chris Williams
|
0-0: Called Strike 0-1: Ball 1-1: Ball 2-1: Swinging Strike 2-2: Strikes out swinging
|
Top of the 7th over - 0 runs, 0 hits, 0 errors, 1 left on base; Palm Beach 1 - Americus 16 |
BOTTOM OF THE 7TH |
Americus Braves batting - Pitching for Palm Beach Nationals : LHP Johnny Busse
|
Batting: RHB Dave Pizarro
|
0-0: Ball 1-0: Ball 2-0: Foul Ball, location: 2F 2-1: Swinging Strike 2-2: Foul Ball, location: 2F 2-2: Ball 3-2: Fly out, F4 (Popup, 4M, EV 58.1 MPH)
|
Batting: RHB Tetsuro Sato
|
0-0: Reached on error, E4 (Groundball, 4M, EV 102.5 MPH)
|
Batting: RHB Rodolfo Cosme
|
0-0: Ball Passed Ball! Tetsuro Sato to second 1-0: Ball 2-0: Called Strike 2-1: Ball 3-1: Fly out, F7 (Flyball, 7, EV 90.6 MPH)
|
Batting: RHB Josh Hopp
|
0-0: Ball 1-0: Ground out 1-3 (Groundball, P, EV 65.6 MPH)
|
Bottom of the 7th over - 0 runs, 0 hits, 1 error, 1 left on base; Palm Beach 1 - Americus 16 |
TOP OF THE 8TH |
Palm Beach Nationals batting - Pitching for Americus Braves : RHP Andrew Hodges
|
Batting: RHB Taffounnout Kame
|
0-0: Ball 1-0: Ball 2-0: SINGLE (Line Drive, 9S, EV 98.8 MPH)
|
Batting: RHB Justin Davenport
|
0-0: Ball 1-0: Fly out, F7 (Flyball, 7LM, EV 91.9 MPH)
|
Batting: RHB Tylor Cyr
|
0-0: Foul Ball, location: 2F 0-1: Ball 1-1: Ball 2-1: Swinging Strike 2-2: Foul Ball, location: 2F 2-2: Ball 3-2: Foul Ball, location: 2F 3-2: Foul Ball, location: 2F 3-2: Strikes out swinging
|
Batting: RHB Vasag Semerjian
|
0-0: Foul Ball, location: 2F 0-1: Swinging Strike 0-2: Ball 1-2: Foul Ball, location: 2F 1-2: Strikes out swinging
|
Top of the 8th over - 0 runs, 1 hit, 0 errors, 1 left on base; Palm Beach 1 - Americus 16 |
BOTTOM OF THE 8TH |
Americus Braves batting - Pitching for Palm Beach Nationals : LHP Johnny Busse
|
Batting: RHB Gebre-Giorgios Wangondu
|
0-0: Ball 1-0: Called Strike 1-1: SINGLE (Line Drive, 8LS, EV 88.1 MPH)
|
Batting: LHB Tamaichi Sasada
|
0-0: Called Strike 0-1: Ball 1-1: Fielders Choice at 2nd, 3-6 (Groundball, 34S, EV 87.5 MPH)
|
Batting: LHB Andres Aldape
|
0-0: Called Strike 0-1: Called Strike 0-2: SINGLE (Groundball, 34D, EV 111.9 MPH) Tamaichi Sasada to second
|
Batting: LHB Sam Williams
|
0-0: Ball 1-0: Ball 2-0: Called Strike 2-1: SINGLE (Groundball, 34D, EV 101.9 MPH) Tamaichi Sasada to third Andres Aldape to second Runner from 3rd tries for Home, SAFE, throw by RF to home
|
Batting: RHB Richard Saquic
|
0-0: SINGLE (Groundball, 56S, EV 70.0 MPH) (infield hit) Andres Aldape to third Sam Williams to second
|
Batting: RHB Dave Pizarro
|
0-0: Ball 1-0: Ball 2-0: Ball 3-0: Called Strike 3-1: Swinging Strike 3-2: Strikes out swinging
|
Batting: RHB Tetsuro Sato
|
0-0: Ball 1-0: Ball 2-0: Fly out, F8 (Line Drive, 8RD, EV 96.2 MPH)
|
Bottom of the 8th over - 1 run, 4 hits, 0 errors, 3 left on base; Palm Beach 1 - Americus 17 |
TOP OF THE 9TH |
Palm Beach Nationals batting - Pitching for Americus Braves : RHP Andrew Hodges
|
Batting: RHB Kiyonaga Nakamura
|
0-0: Swinging Strike 0-1: Ball 1-1: Foul Ball, location: 2F 1-2: Ball 2-2: Strikes out swinging
|
Batting: RHB Jessie Fisher
|
0-0: Foul Ball, location: 2F 0-1: Ball 1-1: Ball 2-1: Ball 3-1: Ground out 3-1 (Groundball, 34, EV 98.1 MPH)
|
Batting: LHB Mike Hamilton
|
0-0: Called Strike 0-1: Ball 1-1: Ball 2-1: Foul Ball, location: 2F 2-2: Ball 3-2: Strikes out swinging
|
Top of the 9th over - 0 runs, 0 hits, 0 errors, 0 left on base; Palm Beach 1 - Americus 17 |
|